[Event "*** Titled Tuesday Blitz"]
[Site "Chess.com"]
[Date "2020.10.27"]
[Round "10"]
[White "ChessSwole"]
[Black "Kapibara_Warri0r"]
[Result "1-0"]
[WhiteElo "2384"]
[BlackElo "2135"]
[TimeControl "180+1"]
[EndTime "11:56:30 PDT"]
[Termination "ChessSwole won by resignation"]

1. d4 Nf6 2. Bf4 g6 3. Nc3 Bg7 4. e3 O-O 5. Nf3 c5 6. Be2 d6 7. h3 Nbd7 8. O-O b6 9. a4 Bb7 10. Bh2 Ne4 11. Nxe4 Bxe4 12. a5 cxd4 13. exd4 Rc8 14.
c3 e5 15. dxe5 Nxe5 16. Nxe5 dxe5 17. axb6 Qxb6 18. Qa4 Qxb2 19. Qxe4 f5 20. Qd5+ Kh8 21. Ra2 Qxc3 22. Rxa7 Rfd8 23. Qf7 e4 24. Re7 Qf6 25.
Bf4 g5 26. Be3 f4 27. Bb6 Qxf7 28. Rxf7 Rd2 29. Bg4 Re8 30. Bf5 e3 31. fxe3 fxe3 32. Ba5 Ra2 33. Bb4 Rb2 34. Rxg7 Rxb4 35. Rxh7+ Kg8 36. Rh5 e2 37. Rxg5+ Kh8 38. Re1 Rd4 39. Bg4 Rd1 40. Rxd1 exd1=Q+ 41. Bxd1 Re1+ 42. Kh2 Rxd1 43. h4 Rd3 44. g3 Rd4 45. Kh3 Rc4 46. h5 Rd4 47. g4 Kh7 48. Ra5 Kh6 49. Ra6+ Kg5 50.
Rg6+ Kf4 51. Kh4 Rd3 52. Rf6+ Ke5 53. Rf5+ Ke6 54. h6 Rd1 55. Kg5 Rh1 56. Kg6 1-0

[Event "*** Titled Tuesday Blitz"]
[Site "Chess.com"]
[Date "2020.10.27"]
[Round "10"]
[White "Aygehovit1992"]
[Black "Gabrielian_Artur"]
[Result "0-1"]
[WhiteElo "2640"]
[BlackElo "2788"]
[TimeControl "180+1"]
[EndTime "11:56:33 PDT"]
[Termination "Gabrielian_Artur won on time"]

1. e4 Nf6 2. e5 Nd5 3. d4 d6 4. c4 Nb6 5. f4 dxe5 6. fxe5 Nc6 7. Be3 Bf5 8. Nc3 e6 9. Nf3 Be7 10. Be2 O-O 11. O-O f6 12. exf6 Bxf6 13. Kh1 Qe7 14. Qd2 Rad8 15. Rad1 Bg4 16. Ne4 Bxf3 17. Nxf6+ Rxf6 18. Rxf3 Rxf3 19. gxf3 Qf7 20. Qc3 Qf6 21. b4 Nc8 22. b5 N6e7 23. Qc1 h6 24. Rg1 Nf5 25. Bf2 Nxd4 26. Bd1 Nxf3 27. Rg3 Nxh2 28. Bg1 Nf1 29. Rg4 Qf5 30. Rh4 Ng3+ 31. Kh2 Ne4 32. Bg4 Qe5+ 33. Kh1 Nf6 34. Bh3 Ne7 35. Bg2 Nf5 36. Bh2 Qe2 0-1

[Event "*** Titled Tuesday Blitz"]
[Site "Chess.com"]
[Date "2020.10.27"]
[Round "10"]
[White "Jumbo"]
[Black "Firouzja2003"]
[Result "0-1"]
[WhiteElo "2883"]
[BlackElo "3078"]
[TimeControl "180+1"]
[EndTime "11:56:34 PDT"]
[Termination "Firouzja2003 won on time"]

1. d4 b6 2. c4 Bb7 3. Nc3 e6 4. a3 f5 5. d5 Nf6 6. g3 exd5 7.
cxd5 g6 8. Bg2 Bg7 9. Nh3 O-O 10. O-O a5 11. Be3 Na6 12. Bd4 h6 13. Nf4 Qe8 14.
h4 g5 15. hxg5 hxg5 16. Nh3 Qg6 17. f4 g4 18. Ng5 Rae8 19. b4 Nh5 20. Kf2 axb4 21.
axb4 Nxb4 22. Ra7 Nc2 23. Bxg7 Qxg7 24. Qxc2 Qd4+ 25. Ke1 Nxg3 26. Rxb7 Nxf1 27. Kxf1 Qxf4+ 28. Nf3 Ra8 29. Nd1 Ra1 30. Qd3 gxf3 31. Bxf3 Rf6 32. Rb8+ Kf7 33. d6 Rxd6 34. Qb3+ Ke7 0-1

[Event "*** Titled Tuesday Blitz"]
[Site "Chess.com"]
[Date "2020.10.27"]
[Round "10"]
[White "Zhigalko_Sergei"]
[Black "SergeyKarjakin"]
[Result "0-1"]
[WhiteElo "2914"]
[BlackElo "3018"]
[TimeControl "180+1"]
[EndTime "11:56:34 PDT"]
[Termination "SergeyKarjakin won on time"]

1. e4 e5 2. Nf3 Nc6 3. Bb5 a6 4.
Ba4 Nf6 5. O-O Be7 6. Re1 b5 7. Bb3 O-O 8. a4 b4 9. d3 d6 10. a5 Be6 11. Nbd2 h6 12. c3 Bxb3 13. Qxb3 Qd7 14. Nc4 Rab8 15. Qc2 Rfe8 16. Bd2 Rb5 17. d4 bxc3 18. bxc3 exd4 19. cxd4 d5 20. Nce5 Nxe5 21. Nxe5 Qc8 22. f3 c5 23. Rac1 Qa8 24. Qa2 cxd4 25. exd5 Rxd5 26. Qc4 Bd6 27. Nd3 Rd8 28. Rb1 Rc8 29. Qa2 Rh5 30. h3 Nd5 31. Qb3 Nc3 32. Ra1 Rb5 0-1

[Event "*** Titled Tuesday Blitz"]
[Site "Chess.com"]
[Date "2020.10.27"]
[Round "10"]
[White "Snegokhod"]
[Black "sara_khm"]
[Result "1-0"]
[WhiteElo "2475"]
[BlackElo "2569"]
[TimeControl "180+1"]
[EndTime "11:56:34 PDT"]
[Termination "Snegokhod won by resignation"]

1. e4 e5 2. Nf3 Nc6 3. Bb5 a6 4. Ba4 g6 5. O-O Bg7 6. c3 d6 7.
d4 Bd7 8. Re1 Nf6 9. Nbd2 O-O 10. Bxc6 Bxc6 11. dxe5 dxe5 12. Nxe5 Bxe4 13. Nxe4 Qxd1 14.
Nxf6+ Bxf6 15. Rxd1 Bxe5 16. Bh6 Rfd8 17. Kf1 f6 18.
Be3 Kf7 19. h3 b5 20. Rxd8 Rxd8 21. a4 f5 22. Ke2 Ke6 23. axb5 axb5 24. Ra5 c6 25.
Ra6 Kd5 26. Ra7 h5 27. Kd3 b4 28. c4+ Ke6+ 29. Kc2 b3+ 30. Kxb3 Rb8+ 31. Kc2 Rxb2+ 32. Kd3 Rb3+ 33. Kd2 Rb2+ 34. Kd3 f4 35. Bc5 Rb3+ 36.
Ke4 Kf6 37. Ra6 f3 38. Rxc6+ Kf7 39. gxf3 Bf6 40. Be3 Rb1 41. f4 Rh1 42. f5 g5 43.
Rc7+ Ke8 44. Kd5 Rxh3 45. Ke6 Bd8 46. Rh7 Kf8 47. Bd4 1-0

[Event "*** Titled Tuesday Blitz"]
[Site "Chess.com"]
[Date "2020.10.27"]
[Round "10"]
[White "shriyanasmallya"]
[Black "RaneshRatnesan"]
[Result "0-1"]
[WhiteElo "1692"]
[BlackElo "2157"]
[TimeControl "180+1"]
[EndTime "11:56:34 PDT"]
[Termination "RaneshRatnesan won by checkmate"]

1. e4 c5 2. Nc3 a6 3. f4 b5 4. Nf3 Bb7 5. d3 e6 6. g3 d5 7. exd5 exd5 8. Bg2 Nf6 9. O-O Be7 10. Re1 O-O 11. Ne5 Nbd7 12. Nxd7 Qxd7 13. a4 b4 14. Ne2 Bd6 15. c3 a5 16. d4 c4 17. b3 Rac8 18. bxc4 Rxc4 19. cxb4 Bxb4 20. Bd2 Rfc8 21. Bxb4 Rxb4 22. Qd3 Rbc4 23. h4 Ba6 24. Qb3 Rb4 25. Qf3 h6 26. Reb1 Rc2 27. Bf1 Ne4 28.
Rxb4 axb4 29. Kh2 Nc3 30. Re1 Bxe2 31. Bxe2 Qe6 32. f5 Rxe2+ 33. Kh3 Rh2+ 34. Kxh2 Qxe1 35. f6 Qe2+ 36. Qxe2 Nxe2 37. a5 Nxd4 38. a6 Nc6 39.
fxg7 b3 40. Kg2 b2 41. Kf3 b1=Q 42. Ke3 Qe4+ 43. Kd2 d4 44. Kd1 Qg2 45. Kc1 Nb4 46. a7 Qc2# 0-1

[Event "*** Titled Tuesday Blitz"]
[Site "Chess.com"]
[Date "2020.10.27"]
[Round "10"]
[White "blitzking1729"]
[Black "pastouche06"]
[Result "0-1"]
[WhiteElo "2571"]
[BlackElo "2513"]
[TimeControl "180+1"]
[EndTime "11:56:36 PDT"]
[Termination "pastouche06 won by checkmate"]

1. d4 Nf6 2. Bg5 c5 3. Nc3 cxd4 4. Qxd4 Nc6 5. Qh4 e6 6. e4 Be7 7. O-O-O Qa5 8. f4 d6 9. Bb5 a6 10. e5 axb5 11. exf6 gxf6 12. Bxf6 b4 13. Ne4 Qf5 14.
Re1 Rxa2 15. Bxe7 Ra1+ 16. Kd2 Qd5+ 17. Ke3 Rxe1+ 18. Qxe1 Qd4+ 19. Kf3 Nxe7 20. Ne2 Qd5 21. c4 Qd3+ 22. Kf2 Qxe4 23. Qxb4 Rg8 24. Rg1 Nf5 25. Qa4+ Ke7 26. Qa3 Nd4 27. Nxd4 Qxd4+ 28. Qe3 Qxb2+ 29. Kf3 Bd7 30. f5 Bc6+ 31. Kf4 e5+ 32. Qxe5+ dxe5+ 33. Ke3 Qc3+ 34. Ke2 Rd8 35. Rd1 Rxd1 36.
Kxd1 Qb2 37. f6+ Kxf6 38. h4 e4 39. c5 e3 40. g4 Qd2# 0-1

[Event "*** Titled Tuesday Blitz"]
[Site "Chess.com"]
[Date "2020.10.27"]
[Round "10"]
[White "Sergey85Rodchenkov"]
[Black "Ajedrez_con_German"]
[Result "1-0"]
[WhiteElo "2475"]
[BlackElo "2536"]
[TimeControl "180+1"]
[EndTime "11:56:36 PDT"]
[Termination "Sergey85Rodchenkov won on time"]

1. e4 e6 2. d4 d5 3. Nd2 dxe4 4. Nxe4 Nd7 5. Nf3 Ngf6 6. Nxf6+ Nxf6 7. Bc4 c5 8. O-O cxd4 9. Nxd4 a6 10. Bb3 Bc5 11.
c3 Bxd4 12. cxd4 Bd7 13. Bg5 Bc6 14. Re1 O-O 15. Rc1 Qd6 16. Bxf6 gxf6 17. Rc3 Kh8 18. Qh5 Rg8 19. Rg3 Rg7 20. Rxg7 Kxg7 21. Re3 Qxd4 22. Rg3+ Kf8 23. h3 Ke7 24. Qxh7 Qe4 25. Qh5 Qe1+ 26.
Kh2 Qxf2 27. Rg7 Qf4+ 28. Kg1 Qe3+ 29. Kh1 Qe1+ 30. Kh2 Qe5+ 31. Qxe5 fxe5 32. Kg3 e4 33. Kf4 Rd8 34. g4 Rd3 35. g5 Rf3+ 36. Kg4 e3 37. Bc4 Rf2 38. g6 e2 39. Bxe2 Rxe2 40. Rxf7+ Ke8 41.
h4 Rg2+ 42. Kh5 Be4 43. Rg7 e5 44. Kh6 Bf5 45. h5 e4 46. Rf7 Be6 47. Rf4 Bd5 48. Rf5 Be6 49. Re5 Kd7 50. Rxe4 Kd6 51. a4 Bd5 52. Re3 Kc5 53. Kh7 Kd4 54. Re7 b5 55. axb5 axb5 56. h6 Be4 57. Rxe4+ Kxe4 58. g7 1-0

[Event "*** Titled Tuesday Blitz"]
[Site "Chess.com"]
[Date "2020.10.27"]
[Round "10"]
[White "Mikhail_Golubev"]
[Black "pedromartinez91"]
[Result "0-1"]
[WhiteElo "2527"]
[BlackElo "2632"]
[TimeControl "180+1"]
[EndTime "11:56:37 PDT"]
[Termination "pedromartinez91 won on time"]

1. e4 e6 2. d4 d5 3. Nc3 Nf6 4. Bg5 h6 5. Bxf6 Qxf6 6. exd5 Bb4 7. Qd2 exd5 8. a3 Bxc3 9. Qxc3 Nc6 10. O-O-O O-O 11.
Bb5 Ne7 12. Nf3 Bg4 13. Qxc7 Rac8 14. Qe5 Bf5 15. Bd3 Qg6 16. Nh4 Qg5+ 17. f4 Qxh4 18. Bxf5 Nc6 19. g3 Qd8 20. Qe3 Rc7 21. Kb1 b5 22.
Bd3 b4 23. a4 Na5 24. Qd2 Qd6 25. Rhe1 Rb8 26. Bb5 Nc4 27. Bxc4 dxc4 28. Qe3 Qd7 29. Qe5 b3 30. cxb3 cxb3 31. Rc1 Rcb7 32. Rc4 Qh3 33. Qe2 Qf5+ 34. Ka1 Qa5 35. Kb1 Rb6 36. Rec1 Qf5+ 37. Ka1 Rb4 38. Rxb4 Rxb4 39. Qe8+ Kh7 40.
Qc6 Rxd4 0-1

[Event "*** Titled Tuesday Blitz"]
[Site "Chess.com"]
[Date "2020.10.27"]
[Round "10"]
[White "annamaja"]
[Black "MashaFromRussia"]
[Result "1-0"]
[WhiteElo "2299"]
[BlackElo "2355"]
[TimeControl "180+1"]
[EndTime "11:56:38 PDT"]
[Termination "annamaja won by resignation"]

1. e4 c5 2. Nf3 Nc6 3. d4 cxd4 4. Nxd4 Nf6 5. Nc3 e5 6. Ndb5 d6 7. Bg5 a6 8. Na3 b5 9. Nd5 Be7 10. Bxf6 Bxf6 11. c3 O-O 12. Nc2 Bg5 13. h4 Bh6 14.
g3 Be6 15. Bh3 Rb8 16. Nce3 b4 17. Qa4 Rb5 18. Qxa6 Rc5 19. cxb4 Nb8 20. Qb7 Bxe3 21. bxc5 Bxc5 22. b4 Bd4 23. Rc1 Nd7 24. Rc8 Bxd5 25.
Rxd8 Bxb7 26. Rxd7 Bxe4 27. O-O d5 28. Bg2 Bd3 29. Rd1 e4 30. Rxd5 Bc3 31. b5 f5 32.
b6 Rb8 33. Rd6 Bb4 34. Rc6 Bb5 35. Rc7 Ba5 36. Rc5 Bd3 37. Rxa5 1-0

[Event "*** Titled Tuesday Blitz"]
[Site "Chess.com"]
[Date "2020.10.27"]
[Round "10"]
[White "Oleksandr_Bortnyk"]
[Black "Alexsur1981"]
[Result "1-0"]
[WhiteElo "2914"]
[BlackElo "2769"]
[TimeControl "180+1"]
[EndTime "11:56:39 PDT"]
[Termination "Oleksandr_Bortnyk won by resignation"]

1. e4 c5 2. c3 e6 3. d4 d5 4. exd5 exd5 5. Nf3 Nc6 6. Bb5 Bd6 7. O-O Ne7 8. dxc5 Bxc5 9. Nbd2 O-O 10. Nb3 Bb6 11. Bg5 Qd6 12. Nfd4 Nf5 13. Nxf5 Bxf5 14. Bd3 Qg6 15. Bxf5 Qxf5 16. Bh4 Rfe8 17. Qd2 Re4 18. Bg3 h5 19. Kh1 Rae8 20. Rae1 h4 21. Bxh4 Rxe1 22.
Rxe1 Rxe1+ 23. Qxe1 Qc2 24. h3 Qxb2 25. Qe8+ Kh7 26. Qxf7 Qxa2 27. Qh5+ Kg8 28. Qxd5+ Kh8 29. Qh5+ Kg8 30. Nc5 Qa1+ 31. Kh2 Qxc3 32. Qe8+ Kh7 33.
Ne6 Qe5+ 34. f4 Qa1 35. Qh5+ Kg8 36. Qe8+ Kh7 37. Ng5+ Kh6 38. Nf7+ Kh7 39. Ng5+ Kh6 40. Nf3 Kh7 41. Qf7 Nd4 42. Ng5+ Kh6 43. f5 Nxf5 44.
Qxf5 Qf6 45. Nf7+ 1-0

[Event "*** Titled Tuesday Blitz"]
[Site "Chess.com"]
[Date "2020.10.27"]
[Round "10"]
[White "RD4ever"]
[Black "GMBenjaminBok"]
[Result "1-0"]
[WhiteElo "2829"]
[BlackElo "2923"]
[TimeControl "180+1"]
[EndTime "11:56:42 PDT"]
[Termination "RD4ever won by resignation"]

1. e4 c5 2. Nf3 d6 3. Bb5+ Nd7 4.
Ba4 Nf6 5. O-O a6 6. c4 g6 7. Nc3 Bg7 8. d3 O-O 9. h3 b6 10. Bg5 Bb7 11. Qd2 e6 12. Rab1 Qc7 13. a3 Rab8 14. b4 Rfc8 15. Rfc1 Ba8 16. Bf4 Nh5 17.
Bh2 Ne5 18. Ne1 Nc6 19. b5 Bxc3 20. Qxc3 Nd4 21. Bd1 axb5 22. cxb5 Ng7 23. Nc2 Nxc2 24. Bxc2 e5 25. f4 exf4 26. Bxf4 Ne6 27. Bg3 Qe7 28. Rf1 Rb7 29. Bd1 Ra7 30. a4 d5 31. exd5 Bxd5 32.
Qe5 Qg5 33. Rb2 Rd8 34. Rbf2 Qxe5 35. Bxe5 f5 36. g4 f4 37. Bxf4 Nxf4 38. Rxf4 Be6 39.
Rf6 Bf7 40. Rxf7 Rxf7 41. Bb3 Rd7 42. a5 bxa5 43. b6 a4 44. Bxf7+ Rxf7 45. Rxf7 Kxf7 46. b7 a3 47. b8=Q a2 1-0

[Event "*** Titled Tuesday Blitz"]
[Site "Chess.com"]
[Date "2020.10.27"]
[Round "10"]
[White "xberli"]
[Black "TokChess"]
[Result "0-1"]
[WhiteElo "2527"]
[BlackElo "2456"]
[TimeControl "180+1"]
[EndTime "11:56:42 PDT"]
[Termination "TokChess won by resignation"]

1. e4 c5 2. Nf3 e6 3. d4 cxd4 4. Nxd4 a6 5. c4 Nf6 6. Nc3 Qc7 7. Be2 d6 8. O-O b6 9. a3 Bb7 10. Qc2 Nbd7 11. f4 Be7 12. b4 Rc8 13. Bb2 O-O 14.
Rac1 Qb8 15. Qd3 Rfd8 16. g4 Qa8 17. Bf3 g5 18. fxg5 Ne5 19. Qe2 Nfd7 20. h4 Rxc4 21. Na2 Rxc1 22. Rxc1 Nxf3+ 23. Nxf3 Bxe4 24. Nd2 Bg6 25. Nc3 Ne5 26. Nce4 Qd5 27. h5 Bxe4 28. Nxe4 Qd3 29.
Qxd3 Nxd3 30. Rc7 Bxg5 31. Bf6 Bxf6 32. Nxf6+ Kg7 33. g5 Ne5 34. Rb7 h6 35. Ne4 hxg5 36. Nxg5 Kf6 37. Ne4+ Kf5 38. Ng3+ Kf4 39. Kh2 Rc8 40.
Rxb6 Nf3+ 41. Kh3 Rc2 42. Nf1 Rf2 43. h6 Rxf1 44. Kg2 Rg1+ 45. Kf2 Rh1 46. Rc6 Rh2+ 47. Kf1 Rxh6 48. Rxa6 Rh1+ 49. Kg2 Rh2+ 50. Kf1 d5 51. Ra7 f5 52. b5 Ke3 0-1

[Event "*** Titled Tuesday Blitz"]
[Site "Chess.com"]
[Date "2020.10.27"]
[Round "10"]
[White "DinaBelenkaya"]
[Black "Zq1"]
[Result "0-1"]
[WhiteElo "2362"]
[BlackElo "2497"]
[TimeControl "180+1"]
[EndTime "11:56:42 PDT"]
[Termination "Zq1 won on time"]

1. e4 c5 2. Nc3 e6 3. g3 d5 4. exd5 exd5 5. Bg2 d4 6. Ne4 Be7 7. Qe2 Nc6 8. Nxc5 Nf6 9. Ne4 O-O 10. d3 Nxe4 11. dxe4 Nb4 12. Nf3 d3 13. cxd3 Nxd3+ 14. Kf1 b6 15. Kg1 Ba6 16. Qd1 Bc5 17. Be3 Bxe3 18.
fxe3 Nxb2 19. Qxd8 Rfxd8 20. Nd4 Rac8 21. Kf2 Nd3+ 22. Kf3 Ne5+ 23. Kf2 Ng4+ 24. Kf3 h5 25. h3 Ne5+ 26. Kf2 Rc3 27. Rhd1 Rdc8 28. Kg1 Rxe3 29. Nf5 Rcc3 30. Nxe3 Rxe3 31. Rd8+ Kh7 32. Kh2 Re2 33. Kh1 Bc4 34. Re8 f6 35. Rc1 b5 36.
a4 a6 37. a5 Kg6 38. Ra8 b4 39. Re8 b3 40. Bf1 Rc2 41. Rb1 b2 42. Bxc4 Rc1+ 43.
Kg2 Rxb1 44. Rb8 Nxc4 45. g4 hxg4 46. hxg4 Rc1 0-1

[Event "*** Titled Tuesday Blitz"]
[Site "Chess.com"]
[Date "2020.10.27"]
[Round "10"]
[White "TimofeevAr"]
[Black "GOGIEFF"]
[Result "0-1"]
[WhiteElo "2786"]
[BlackElo "2903"]
[TimeControl "180+1"]
[EndTime "11:56:43 PDT"]
[Termination "GOGIEFF won by resignation"]

1. c4 Nf6 2. Nc3 g6 3. g3 Bg7 4. Bg2 O-O 5. d3 Nc6 6. Nf3 a6 7. O-O Rb8 8. a4 a5 9. Qd2 d5 10. cxd5 Nxd5 11. d4 Nb6 12. Rd1 Bg4 13. Qf4 Bxf3 14.
Bxf3 Nxd4 15. Be3 e5 16. Qe4 c5 17. Bg2 f5 18. Qb1 Kh8 19. Nb5 Nxe2+ 20. Kh1 Nd4 21. Qa2 e4 22. Rac1 Rc8 23. h4 Nd5 24. Bxd4 cxd4 25. Rxc8 Qxc8 26. Qxd5 d3 27. Nc3 b6 28.
Kg1 Rd8 29. Qb5 Qc5 30. Nxe4 Qxb5 31. axb5 fxe4 32. Bxe4 Bxb2 33. Rxd3 Re8 34. Bc6 Re1+ 35. Kg2 a4 36. Rd8+ Kg7 37. Ra8 a3 38. g4 h6 39. g5 hxg5 40. hxg5 Re5 41. f4 Re3 42.
Bd5 Bd4 43. Ra7+ Kf8 44. Kf1 Bc5 45. Rf7+ Ke8 46. Ra7 Kd8 47. Bf7 Rf3+ 48. Ke2 Rxf4 49. Bxg6 a2 50. Bc2 Rf2+ 51. Kd3 Rf3+ 52. Kc4 Ra3 0-1

[Event "*** Titled Tuesday Blitz"]
[Site "Chess.com"]
[Date "2020.10.27"]
[Round "10"]
[White "elohunter1999"]
[Black "Gloomy_Wanderer"]
[Result "1/2-1/2"]
[WhiteElo "2514"]
[BlackElo "2695"]
[TimeControl "180+1"]
[EndTime "11:56:43 PDT"]
[Termination "Game drawn - insufficient material"]

1. e4 c5 2. Nf3 a6 3. c3 d5 4. exd5 Nf6 5. d4 cxd4 6. Qxd4 Qxd5 7. Bc4 Qxd4 8. Nxd4 b5 9. Be2 Bb7 10. Bf3 Bxf3 11.
Nxf3 Nc6 12. O-O e6 13. Bg5 Ne4 14. Be3 Bd6 15. Nbd2 Nxd2 16. Nxd2 f5 17. a4 Kf7 18. f3 e5 19. Rfd1 Ke6 20. Nb3 Rhb8 21. Nc5+ Bxc5 22. Bxc5 Rd8 23. axb5 axb5 24. b4 Rxd1+ 25.
Rxd1 Rd8 26. Ra1 Kd5 27. Kf2 Kc4 28. Ra6 Rc8 29. Rb6 g5 30. Rb7 Kxc3 31. Rxb5 Kd3 32.
Rb7 Ra8 33. Rd7+ Nd4 34. b5 Ra2+ 35. Kg3 Kc4 36. Bxd4 exd4 37. b6 Rb2 38. b7 d3 39.
Rc7+ Kd4 40. Rd7+ Kc3 41. Rc7+ Kd2 42. f4 h6 43. fxg5 hxg5 44. h4 gxh4+ 45. Kxh4 Ke3 46. Re7+ Kf2 47. Rd7 Kxg2 48. Rxd3 Rxb7 49. Kg5 Rf7 50.
Kf4 Rf8 51. Rd2+ Kf1 52. Rd7 Ke2 53. Rd5 Kf2 54. Rxf5 Rxf5+ 55. Kxf5 1/2-1/2

[Event "*** Titled Tuesday Blitz"]
[Site "Chess.com"]
[Date "2020.10.27"]
[Round "10"]
[White "emiliochess"]
[Black "TheChessChannel"]
[Result "0-1"]
[WhiteElo "2314"]
[BlackElo "2442"]
[TimeControl "180+1"]
[EndTime "11:56:43 PDT"]
[Termination "TheChessChannel won by checkmate"]

1. d4 e6 2. Bf4 Nf6 3. e3 b6 4. Nf3 Nh5 5. Bg5 Be7 6. Bxe7 Qxe7 7. c3 Bb7 8. Bd3 f5 9. Nbd2 Nf6 10.
Qe2 Ne4 11. h4 d6 12. a4 Nxd2 13. Qxd2 O-O 14. Qe2 Nd7 15. Ng5 e5 16. dxe5 Nxe5 17. Bc2 a5 18. Bb3+ d5 19. O-O-O c6 20. e4 Ba6 21.
Qh5 g6 22. Qh6 fxe4 23. f3 e3 24. Rhe1 Nd3+ 25. Kb1 Nxe1 26. Rxe1 Bd3+ 27. Ka1 e2 28. h5 Qg7 29. Qxg7+ Kxg7 30. Ne6+ Kf6 31. Nxf8 Rxf8 32. hxg6 hxg6 33. Ba2 Kg5 34. Bb1 Ba6 35. b3 Kf4 36.
Kb2 Ke3 37. Kc1 c5 38. Bxg6 d4 39. cxd4 cxd4 40. f4 d3 41. Bxd3 Bxd3 42. g4 Rc8+ 43. Kb2 Kd2 44. Rc1 Rxc1 45. b4 e1=Q 46. bxa5 Qd1 47.
axb6 Qc2+ 48. Ka3 Rb1 49. a5 Qb3# 0-1

[Event "*** Titled Tuesday Blitz"]
[Site "Chess.com"]
[Date "2020.10.27"]
[Round "10"]
[White "Fortitudine"]
[Black "Khnykin_Nikolay"]
[Result "1-0"]
[WhiteElo "2286"]
[BlackElo "2080"]
[TimeControl "180+1"]
[EndTime "11:56:43 PDT"]
[Termination "Fortitudine won by checkmate"]

1. c4 c5 2. g3 Nf6 3. Bg2 e6 4. Nf3 Be7 5. O-O d6 6. b3 Nbd7 7. Bb2 a6 8. Nc3 O-O 9. d4 Rb8 10.
a4 b6 11. e3 Bb7 12. Qe2 Rc8 13. Rfd1 Qc7 14. Rac1 Qb8 15. Ne1 Bxg2 16. Nxg2 Qb7 17. f3 Rfe8 18. Nf4 cxd4 19. exd4 e5 20. Nfd5 exd4 21. Nxe7+ Rxe7 22. Qxe7 dxc3 23. Bxc3 Qxf3 24. Qxd6 Ng4 25. Qf4 Qxf4 26. gxf4 Nc5 27. Rb1 h5 28. Bd4 Ne4 29. h3 Nh6 30. Bxb6 Nf5 31. c5 Nc3 32. Rbc1 Ne2+ 33. Kf2 Nxc1 34. Rxc1 Nd4 35. Rc3 Kf8 36. Rd3 Ne6 37. Kf3 Nxc5 38. Rc3 Rb8 39. Bxc5+ Ke8 40. b4 Kd7 41. Rd3+ Kc6 42. Rd6+ Kc7 43. Rxa6 Rd8 44. Ra7+ Kc6 45. Rxf7 Rd3+ 46. Ke4 Rxh3 47. Rxg7 Ra3 48. Rg6+ Kc7 49. a5 h4 50. Kd5 h3 51.
Rg7+ Kc8 52. Kc6 Kd8 53. Rg8# 1-0

[Event "*** Titled Tuesday Blitz"]
[Site "Chess.com"]
[Date "2020.10.27"]
[Round "10"]
[White "TomiLen"]
[Black "WuinaterJr"]
[Result "0-1"]
[WhiteElo "2631"]
[BlackElo "2546"]
[TimeControl "180+1"]
[EndTime "11:56:45 PDT"]
[Termination "WuinaterJr won on time"]

1. d4 Nf6 2. Bg5 e6 3. e4 h6 4. Bxf6 Qxf6 5. c3 d5 6. Bd3 Qd8 7. Nf3 c5 8. O-O Be7 9. exd5 Qxd5 10. Na3 O-O 11. Nb5 Qd8 12. dxc5 Bxc5 13. Qe2 a6 14.
Nbd4 Nd7 15. Rad1 Qe7 16. Rfe1 Nf6 17. Bb1 b5 18. Ne5 Bb7 19. Ng4 Nxg4 20. Qxg4 Rad8 21.
h3 Qf6 22. Nf3 Bb6 23. a4 Rxd1 24. Rxd1 Rd8 25. Re1 Bc6 26. Be4 Be8 27. axb5 Bxb5 28. Bb1 Rd2 29. Qe4 Bxf2+ 30. Kh2 Bxe1 31. Nxe1 Rd8 32. Nf3 Kf8 33. Ne5 Rd5 34. Ng4 Qf1 35.
Qb4+ Kg8 36. Qe4 Qe2 37. Qh7+ Kf8 38. Qh8+ Ke7 39. Qxg7 Rd2 40. Qf6+ Ke8 41. Qh8+ Kd7 42. Ne5+ Kc7 43. Qg7 Kb6 0-1

[Event "*** Titled Tuesday Blitz"]
[Site "Chess.com"]
[Date "2020.10.27"]
[Round "10"]
[White "nrvisakh"]
[Black "kuli4ik"]
[Result "1-0"]
[WhiteElo "2706"]
[BlackElo "2867"]
[TimeControl "180+1"]
[EndTime "11:56:49 PDT"]
[Termination "nrvisakh won by resignation"]

1. e4 e6 2. d4 d5 3. Nd2 a6 4. Ngf3 c5 5. exd5 exd5 6. dxc5 Bxc5 7. Bd3 Nf6 8. O-O O-O 9. Nb3 Bb6 10. h3 Nc6 11.
Re1 h6 12. Be3 Bc7 13. Qc1 Ne4 14. Bf4 Re8 15. Bxc7 Qxc7 16. c3 Bf5 17. Nbd4 Bg6 18. Re3 Re7 19. Nh4 Bh7 20. Nhf5 Bxf5 21. Nxf5 Re5 22. Rf3 Rae8 23. Qf4 Qd7 24. Re1 Ng5 25. Rfe3 Rxe3 26. Rxe3 Rxe3 27. Qxe3 Qe6 28. Qg3 Qf6 29. Qc7 Ne4 30. Bxe4 dxe4 31. Ng3 Qe6 32. Qxb7 e3 33. fxe3 Qxe3+ 34. Kh2 Ne5 35. Qa8+ Kh7 36. Qe4+ Qxe4 37. Nxe4 Nd3 38. b4 f5 39. Nc5 Ne5 40. Nxa6 Kg6 41. b5 Nc4 42. Nb4 Kf6 43. Kg3 Ke5 44. a4 g5 45. Nc6+ Kd6 46. a5 Kc5 47. a6 Kxb5 48. a7 Nb6 49. Nd4+ Kc4 50. Nxf5 Kxc3 51. Nxh6 Kd4 52.
Kg4 1-0

[Event "*** Titled Tuesday Blitz"]
[Site "Chess.com"]
[Date "2020.10.27"]
[Round "10"]
[White "gui_borba"]
[Black "AndreyNeves"]
[Result "1-0"]
[WhiteElo "2435"]
[BlackElo "2254"]
[TimeControl "180+1"]
[EndTime "11:56:49 PDT"]
[Termination "gui_borba won by checkmate"]

1. d4 d5 2. Bf4 Nf6 3. e3 c5 4. c3 Nc6 5. Nd2 Bf5 6. Qb3 Qb6 7. Qxb6 axb6 8. Bb5 e6 9. Ngf3 Nd7 10. a4 Be7 11. h3 O-O 12. g4 Bg6 13. h4 h6 14.
h5 Bh7 15. g5 hxg5 16. Nxg5 Bxg5 17. Bxg5 f6 18. Bh4 e5 19. Bxc6 bxc6 20. Rg1 Kf7 21. Nf3 cxd4 22. exd4 e4 23. Nh2 c5 24. Kd2 Rfc8 25.
Rgc1 Ra5 26. Nf1 c4 27. Ne3 f5 28. Bg3 Ke6 29. Rg1 Rca8 30. Bf4 Rxa4 31. Rxa4 Rxa4 32.
Rxg7 Nf6 33. Be5 b5 34. Bxf6 Kxf6 35. Rxh7 b4 36. Nxd5+ Kg5 37. Nxb4 f4 38. h6 Ra1 39.
Rh8 Rh1 40. h7 Kg4 41. Rg8+ Kf3 42. h8=Q Rf1 43. Qh3+ Kxf2 44. Rg2# 1-0

[Event "*** Titled Tuesday Blitz"]
[Site "Chess.com"]
[Date "2020.10.27"]
[Round "10"]
[White "TheSodabread"]
[Black "Chamal_Gedgafov"]
[Result "1-0"]
[WhiteElo "1928"]
[BlackElo "2129"]
[TimeControl "180+1"]
[EndTime "11:56:49 PDT"]
[Termination "TheSodabread won on time"]

1. d4 e6 2. Nc3 d5 3. e4 Bb4 4. e5 c5 5. a3 Bxc3+ 6. bxc3 Ne7 7.
Qg4 Qc7 8. Qxg7 Rg8 9. Qxh7 cxd4 10. Ne2 Nbc6 11. f4 dxc3 12. Qd3 d4 13. Nxd4 Nxd4 14. Qxd4 Bd7 15. Rg1 Nf5 16. Qf2 Qc6 17. Rb1 Qe4+ 18. Qe2 Qd4 19. Qf2 O-O-O 20. Bd3 Ba4 21. Rb4 Qd7 22.
Qxa7 Bc6 23. Ba6 Qd1+ 24. Kf2 Qxc2+ 25. Be2 Nd4 26. Rxd4 Rxd4 27. Qxd4 Rd8 28. Qa7 Kc7 29.
Qa5+ Kc8 30. Be3 Rd2 31. Bxd2 cxd2 32. Rd1 Qe4 33. Qxd2 Qxg2+ 34. Ke1 Qh1+ 35. Bf1 Qe4+ 36. Kf2 Qf3+ 37. Ke1 Qe4+ 38. Qe2 Qxf4 39. Rd3 1-0

[Event "*** Titled Tuesday Blitz"]
[Site "Chess.com"]
[Date "2020.10.27"]
[Round "10"]
[White "Anton_Demchenko"]
[Black "Msb2"]
[Result "1/2-1/2"]
[WhiteElo "2864"]
[BlackElo "2918"]
[TimeControl "180+1"]
[EndTime "11:56:55 PDT"]
[Termination "Game drawn by repetition"]

1. d4 Nf6 2. Nf3 d5 3. Bf4 c5 4. e3 Nc6 5. Nbd2 cxd4 6. exd4 Qb6 7. Nb3 Bf5 8. a4 a6 9. a5 Qd8 10. Bd3 Bxd3 11. Qxd3 e6 12. c3 Bd6 13. Bxd6 Qxd6 14.
O-O O-O 15. Rfe1 Qc7 16. Ra4 b5 17. axb6 Qxb6 18. Nfd2 Qb5 19. Qxb5 axb5 20. Rxa8 Rxa8 21. Ra1 Rxa1+ 22. Nxa1 b4 23. Kf1 bxc3 24. bxc3 g5 25. Nc2 Nd7 26. Ke2 Kg7 27. c4 dxc4 28. Nxc4 f5 29.
N4e3 Nb6 30. f3 h5 31. g3 Kf6 32. Kd3 f4 33. gxf4 gxf4 34. Ng2 Kf5 35. Nh4+ Kg5 36. Ng2 Nd5 37. Ke4 h4 38. Nge1 h3 39. Kd3 Kf5 40. Ke2 Nc3+ 41. Kd2 Nb5 42. Kd3 e5 43. dxe5 Nxe5+ 44. Ke2 Nc3+ 45. Kd2 Nb5 46. Ke2 Ke6 47. Nb4 Nd4+ 48.
Kf2 Kf5 49. Nd5 Nb3 50. Nc3 Nc1 51. Ne4 Ng4+ 52. fxg4+ Kxe4 53. Nf3 Nd3+ 54. Ke2 Nc1+ 55. Kf2 Nd3+ 56. Ke2 Nc1+ 57. Kf2 1/2-1/2

[Event "*** Titled Tuesday Blitz"]
[Site "Chess.com"]
[Date "2020.10.27"]
[Round "10"]
[White "kakakz"]
[Black "m-garcett"]
[Result "1-0"]
[WhiteElo "2386"]
[BlackElo "2091"]
[TimeControl "180+1"]
[EndTime "11:56:55 PDT"]
[Termination "kakakz won by resignation"]

1. d4 Nf6 2. c4 g6 3. Nc3 Bg7 4.
e4 d6 5. Nf3 O-O 6. Be2 e5 7. d5 a5 8. Bg5 h6 9. Bh4 Na6 10. Nd2 Qe8 11. O-O Nh7 12. a3 Bd7 13. b3 h5 14. f3 Bh6 15. Rb1 Be3+ 16. Kh1 b6 17. b4 Bd4 18. Qc2 f5 19. Nb5 axb4 20. Nxd4 exd4 21. axb4 Ba4 22. Qd3 fxe4 23. Nxe4 Qe5 24. Bf2 Ng5 25. Bxd4 Qf5 26. h4 Nxe4 27. fxe4 Qd7 28. e5 Qh7 29. e6 g5 30. Qxh7+ Kxh7 31. hxg5 Kg6 32. Bf6 Bc2 33. Rb2 Bf5 34. Bxh5+ Kxh5 35. Rxf5 Kg4 36. Rf1 Rh8+ 37. Bxh8 Rxh8+ 38. Kg1 Kg3 39. Rf3+ Kg4 40. e7 Kxg5 41. Rf8 1-0